 Dungeon Crawl Stone Soup version 0.24-a0-203-gf0bc1e9 (webtiles) character file.

Game seed: 15807835887662375806

14979 CanOfBees the Fighter (level 11, -3/98 HPs)
             Began as a Demonspawn Gladiator on Mar 26, 2019.
             Was a Believer of Qazlal.
             Splashed by an oklob plant's acid (5 damage)
             ... on level 2 of the Lair of Beasts.
             The game lasted 00:33:16 (17221 turns).

CanOfBees the Fighter (Demonspawn Gladiator)       Turns: 17221, Time: 00:33:17

Health: -3/98      AC:  8    Str: 21    XL:     11   Next: 95%
Magic:  0/20       EV: 11    Int:  9    God:    Qazlal [**....]
Gold:   560        SH:  3    Dex: 15    Spells: 17/17 levels left

rFire    . . .     SeeInvis .   a - +0 war axe
rCold    + . .     Gourm    .   (no shield)
rNeg     + . .     Faith    +   A - +2 pearl dragon scales
rPois    .         Spirit   +   c - +0 helmet
rElec    .         Reflect  .   y - scarf {Spirit}
rCorr    +         Harm     .   T - +1 pair of gloves {Str+3}
MR       .....                  (no boots)
Stlth    ..........             i - amulet of faith
HPRegen  0.26/turn              n - ring of resist corrosion
MPRegen  0.17/turn              m - ring of stealth

@: corroded, very slightly contaminated, invisible
A: hooves 2, icy blue scales 2, cold resistance 1, powered by death 1
a: Upheaval, Renounce Religion


You were on level 2 of the Lair of Beasts.
You worshipped Qazlal.
Qazlal was pleased with you.
You were not hungry.

You visited 3 branches of the dungeon, and saw 13 of its levels.

You collected 686 gold pieces.
You spent 126 gold pieces at shops.

Inventory:

Hand Weapons
 a - a +0 war axe (weapon)
 g - the +8 glaive of Eternal War {chop, Int+2}
   (You found it on level 1 of the Lair of Beasts)

   It inflicts extra damage upon your enemies.
   It affects your intelligence (+2).
 B - a +0 morningstar
 P - a +0 blowgun
Missiles
 d - 7 tomahawks (quivered)
 e - 2 needles of paralysis
 w - 22 poisoned needles
 O - 6 javelins
 Q - 2 throwing nets
Armour
 c - a +0 helmet (worn)
 y - a scarf of spirit shield (worn)
 A - +2 pearl dragon scales (worn)
 M - a +0 cloak
 T - a +1 pair of gloves of strength (worn)
Jewellery
 i - an amulet of faith (around neck)
 m - a ring of stealth (right hand)
 n - a ring of resist corrosion (left hand)
Wands
 H - a wand of digging (4)
 N - a wand of flame (48)
Scrolls
 h - a scroll of fog
 k - a scroll of fear
 o - a scroll of enchant armour
 p - 4 scrolls of remove curse
 q - a scroll of random uselessness {unknown}
 s - 7 scrolls of enchant weapon
 t - a scroll of acquirement {unknown}
 u - 2 scrolls of immolation
 v - 4 scrolls of teleportation
Potions
 b - a potion of mutation
 l - a potion of magic
 x - a potion of lignification
 D - a potion of brilliance {unknown}
 E - 5 potions of flight
 F - a potion of berserk rage
 G - a potion of heal wounds
 L - a potion of cancellation
 R - 2 potions of agility
 U - a potion of might
Miscellaneous
 W - a lamp of fire
Comestibles
 f - 23 rations


   Skills:
 + Level 13.4 Fighting
 + Level 10.0 Axes
 - Level 5.0 Throwing
 - Level 5.0 Armour
 - Level 3.0 Dodging
 + Level 3.8 Spellcasting
 + Level 12.0 Invocations


You had 17 spell levels left.
You didn't know any spells.
Your spell library contained the following spells:

 Spells                   Type           Power        Failure   Level  Hunger
 Infusion                 Chrm           #...         65%         1    #......
 Summon Small Mammal      Summ           #...         65%         1    #......
 Call Imp                 Summ           #.......     80%         2    ###....
 Shroud of Golubria       Chrm/Tloc      #.........   80%         2    ###....
 Song of Slaying          Chrm           #.......     80%         2    ###....
 Call Canine Familiar     Summ           #.......     95%         3    ###....
 Regeneration             Chrm/Necr      #.........   95%         3    ###....
 Spectral Weapon          Hex/Chrm       #.......     95%         3    ###....
 Summon Guardian Golem    Hex/Summ       #.......     95%         3    ###....
 Cause Fear               Hex            #.........   100%        4    #####..
 Summon Ice Beast         Ice/Summ       #.......     100%        4    #####..
 Summon Lightning Spire   Summ/Air       #.......     100%        4    #####..
 Silence                  Hex/Air        #.........   100%        5    ######.
 Yara's Violent Unravell  Hex/Tmut       #.........   100%        5    ######.
 Deflect Missiles         Chrm/Air       #.........   100%        6    #######
 Discord                  Hex            #.........   100%        8    #######


Dungeon Overview and Level Annotations

Branches:
Dungeon (10/15)            Temple (1/1) D:4            Lair (2/6) D:8
    Orc (0/2) D:10
  Swamp: Lair:2-4    Shoals: Lair:2-4     Snake: Lair:2-4    Spider: Lair:2-4

Altars:
Ashenzari
Cheibriados
Dithmenos
Elyvilon
Fedhas
Gozag
Hepliaklqana
Kikubaaqudgha
Makhleb
Nemelex Xobeh
Okawaru
Qazlal
Ru
Sif Muna
Trog
Uskayaw
Vehumet
Wu Jian
Xom
Yredelemnul
Zin
The Shining One

Shops:
D:10 [

Annotations:
D:2 1 runed translucent door, Crazy Yiuf
D:3 2 runed translucent doors, jiveturtle's ghost, amateur FoFi
D:10 4 runed translucent doors
Lair:2 exclusion: 3 oklob plants


Innate Abilities, Weirdness & Mutations

You have hoof-like feet.
You are mostly covered in icy blue scales. (AC +3)
Your flesh is cold resistant. (rC+)
You regenerate a little health from kills.


Message History

You are splashed with acid.
You resist.
* * * LOW HITPOINT WARNING * * *
The oklob plant spits acid at you. The splash of acid hits you. You resist.
* * * LOW HITPOINT WARNING * * *
You are splashed with acid.
You resist.
* * * LOW HITPOINT WARNING * * *
You see here 19 gold pieces.
The oklob plant spits acid at you. The splash of acid hits you. You resist.
* * * LOW HITPOINT WARNING * * *
The acid corrodes you!
You are splashed with acid.
You resist.
* * * LOW HITPOINT WARNING * * *
The oklob plant spits acid at you. The splash of acid misses you.
The oklob plant spits acid at you. The splash of acid hits you. You resist.
* * * LOW HITPOINT WARNING * * *
You are splashed with acid.
You resist.
You die...

...............................##
.....##P.###.....###P..#P...##.##
..........)......PP#..###....#.).
...........#...........#.........
....P............#P.........##...
...........#.....##.....#...##...
....#.............#....#....#####
....#......P................#P##.
.....+P...##....@☼.....P.........
.......>......[.#.PPPP#.P........
................#$.$$.#..........
###.#P.#.##..##.#!..P.#.#..#..###
###############.$:[=#####.###
#P.$[.# ### #..$P)# #######


You could see 3 oklob plants.

Vanquished Creatures
  Josephine (D:10)
  A two-headed ogre (D:8)
  A death yak (Lair:2)
  A lindwurm (Lair:2)
  A deep elf mage (D:10)
  2 oklob plants (Lair:2)
  A black mamba (Lair:1)
  A gargoyle (D:10)
  A spiny frog (Lair:2)
  3 blink frogs (Lair:2)
  A slime creature (D:10)
  5 yaks (Lair:2)
  A shadow (D:10)
  2 wyverns
  4 wraiths (D:10)
  A hungry ghost (D:8)
  A steam dragon (D:9)
  An acid dragon (D:10)
  5 water moccasins
  A sky beast (D:8)
  A porcupine (Lair:1)
  3 ice beasts
  A black bear (D:10)
  3 orc warriors
  4 phantoms
  4 ogres
  3 centaurs
  6 crocodiles (Lair:1)
  A big kobold (D:8)
  Blork the orc (D:4)
  9 bullfrogs
  A wyvern zombie (D:9)
  6 scorpions
  3 howler monkeys
  2 bullfrog zombies
  A quasit (D:5)
  4 crimson imps
  A hound (D:9)
  6 orc priests
  A jelly (D:8)
  4 orc wizards
  3 bullfrog skeletons
  Natasha (thrice) (D:3)
  3 iguanas
  7 worker ants
  A killer bee zombie (D:7)
  A hound zombie (D:9)
  2 worker ant zombies
  Robin (D:2)
  7 gnolls (D:8)
  8 adders
  5 shadow imps
  2 oozes
  5 worms
  3 dart slugs (D:1)
  4 leopard geckos
  44 orcs
  2 ball pythons
  11 bats
  5 giant cockroaches
  10 hobgoblins
  3 jackals
  13 kobolds
  6 quokkas
  9 frilled lizards
  15 goblins
  A jackal zombie (D:6)
  A leopard gecko skeleton (D:4)
  A leopard gecko zombie (D:7)
  2 quokka zombies
  8 rats
  A fungus (Lair:2)
  A plant (Lair:2)
288 creatures vanquished.

Vanquished Creatures (collateral kills)
  A hydra (Lair:2)
  4 death yaks (Lair:2)
  A spiny frog (Lair:2)
  A water moccasin (Lair:2)
  An orc (D:7)
8 creatures vanquished.

Vanquished Creatures (others)
  An orc wizard (D:7)
  A worker ant (D:10)
  2 orcs (D:7)
  A fungus (Lair:2)
5 creatures vanquished.

Grand Total: 301 creatures vanquished

Notes
Turn   | Place    | Note
-------+----------+-------------------------------------------
     0 | D:1      | CanOfBees the Demonspawn Gladiator began the quest for the
                  | Orb.
     0 | D:1      | Reached XP level 1. HP: 16/16 MP: 1/1
   282 | D:1      | Gained mutation: Your flesh is cold resistant. (rC+)
                  | [demonic ancestry]
   282 | D:1      | Reached XP level 2. HP: 20/22 MP: 2/2
   757 | D:1      | Reached XP level 3. HP: 26/28 MP: 3/3
  1196 | D:2      | Noticed a phantom
  1958 | D:2      | Gained mutation: You have large cloven feet. [demonic
                  | ancestry]
  1958 | D:2      | Reached XP level 4. HP: 20/34 MP: 4/4
  2071 | D:2      | Noticed Robin
  2075 | D:2      | Killed Robin
  2332 | D:2      | Found a runed translucent door.
  2333 | D:2      | Noticed Crazy Yiuf
  2526 | D:2      | Reached skill level 3 in Fighting
  2957 | D:3      | Noticed Natasha
  2983 | D:3      | HP: 1/35 [Natasha/magic dart (5)]
  2985 | D:3      | Killed Natasha
  2985 | D:3      | Gained mutation: You are partially covered in icy blue
                  | scales. (AC +2) [demonic ancestry]
  2985 | D:3      | Reached XP level 5. HP: 2/41 MP: 5/5
  3663 | D:3      | Noticed Natasha
  3880 | D:3      | Found a runed translucent door.
  3881 | D:3      | Noticed jiveturtle's ghost (amateur FoFi)
  4097 | D:3      | Found a runed translucent door.
  4130 | D:3      | Found an iron altar of Okawaru.
  4264 | D:3      | Killed Natasha
  4276 | D:3      | Gained mutation: You regenerate a little health from kills.
                  | [demonic ancestry]
  4276 | D:3      | Reached XP level 6. HP: 30/48 MP: 6/6
  4402 | D:3      | Noticed Natasha
  4420 | D:3      | Killed Natasha
  4876 | D:4      | Reached skill level 4 in Fighting
  5677 | D:4      | Found a staircase to the Ecumenical Temple.
  5715 | Temple   | Entered the Ecumenical Temple
  6084 | Temple   | Became a worshipper of Qazlal Stormbringer
  6171 | D:4      | Reached XP level 7. HP: 55/55 MP: 7/7
  6205 | D:4      | Reached skill level 1 in Invocations
  6941 | D:4      | Noticed Blork the orc
  6956 | D:4      | Killed Blork the orc
  7082 | D:5      | Entered Level 5 of the Dungeon
  7105 | D:5      | Reached skill level 5 in Fighting
  7105 | D:5      | Reached skill level 5 in Axes
  8290 | D:6      | Reached XP level 8. HP: 43/64 MP: 10/10
  8293 | D:6      | Reached skill level 5 in Throwing
  8305 | D:6      | Reached skill level 6 in Fighting
  8747 | D:6      | Reached * piety under Qazlal
  8835 | D:6      | Reached skill level 7 in Fighting
  8835 | D:6      | Reached skill level 5 in Invocations
  9311 | D:7      | Reached skill level 1 in Armour
 10084 | D:7      | Gained mutation: You have hoof-like feet. [demonic
                  | ancestry]
 10084 | D:7      | Reached XP level 9. HP: 48/74 MP: 13/13
 10212 | D:7      | Reached skill level 8 in Fighting
 10743 | D:8      | Reached ** piety under Qazlal
 10893 | D:8      | Found a staircase to the Lair.
 11133 | D:8      | Reached skill level 9 in Fighting
 11251 | D:8      | Noticed a two-headed ogre
 11260 | D:8      | Killed a two-headed ogre
 11614 | D:8      | Reached *** piety under Qazlal
 11963 | D:9      | Found a burning altar of Makhleb.
 12078 | D:9      | Gained mutation: You are mostly covered in icy blue scales.
                  | (AC +3) [demonic ancestry]
 12078 | D:9      | Reached XP level 10. HP: 82/85 MP: 16/16
 12133 | D:9      | Reached skill level 10 in Fighting
 12917 | D:10     | Entered Level 10 of the Dungeon
 12966 | D:10     | Noticed a deep elf mage
 12986 | D:10     | Killed a deep elf mage
 13268 | D:10     | Found Kehuruev's Armour Boutique.
 13271 | D:10     | Found a staircase to the Orcish Mines.
 13275 | D:10     | Noticed a gargoyle
 13277 | D:10     | Reached skill level 5 in Armour
 13289 | D:10     | Killed a gargoyle
 13295 | D:10     | Reached **** piety under Qazlal
 13323 | D:10     | Bought a +0 pair of gloves of strength for 126 gold pieces
 13563 | D:10     | Reached skill level 11 in Fighting
 13591 | D:10     | Noticed Josephine
 13600 | D:10     | Killed Josephine
 13614 | D:10     | Reached skill level 10 in Invocations
 13924 | D:10     | Found a large runed translucent door.
 13925 | D:10     | Found a large runed translucent door.
 13925 | D:10     | Noticed a cyclops
 14018 | D:10     | Found a large runed translucent door.
 14018 | D:10     | Found a large runed translucent door.
 14068 | D:10     | Found the +8 demon blade "Leech" {vamp, rN+ AC-3 EV-3}
 14131 | D:10     | Reached XP level 11. HP: 80/95 MP: 18/18
 14332 | Lair:1   | Entered Level 1 of the Lair of Beasts
 14341 | Lair:1   | Got a slimy glaive
 14345 | Lair:1   | Identified the +8 glaive of Eternal War {chop, Int+2} (You
                  | found it on level 1 of the Lair of Beasts)
 14375 | Lair:1   | Reached skill level 12 in Fighting
 15762 | Lair:2   | Reached skill level 1 in Spellcasting
 15766 | Lair:2   | Noticed a lindwurm
 15771 | Lair:2   | Killed a lindwurm
 15814 | Lair:2   | Noticed a death yak
 15814 | Lair:2   | Noticed a death yak
 15815 | Lair:2   | Noticed a death yak
 15816 | Lair:2   | Noticed a death yak
 15827 | Lair:2   | Noticed a death yak
 15830 | Lair:2   | Killed a death yak
 15842 | Lair:2   | Killed a death yak
 15842 | Lair:2   | Killed a death yak
 15854 | Lair:2   | Killed a death yak
 15855 | Lair:2   | Reached skill level 13 in Fighting
 15860 | Lair:2   | Killed a death yak
 15906 | Lair:2   | Noticed a seven-headed hydra
 16110 | Lair:2   | Noticed an oklob plant
 16110 | Lair:2   | Noticed an oklob plant
 16207 | Lair:2   | Noticed an oklob plant
 16208 | Lair:2   | Noticed an oklob plant
 16372 | Lair:2   | Killed a seven-headed hydra
 16541 | Lair:2   | Found a shimmering altar of Xom.
 16542 | Lair:2   | Noticed an oklob plant
 16546 | Lair:2   | Killed an oklob plant
 17218 | Lair:2   | Killed an oklob plant
 17218 | Lair:2   | Reached skill level 10 in Axes
 17220 | Lair:2   | HP: 4/98 [acid (5)]
 17221 | Lair:2   | Splashed by an oklob plant's acid

Levels and vault maps discovered:
D:1:      lemuel_arrival_cross, layout_basic
D:2:      layout_loops_cross, minmay_randomly_rotated_circles,
          uniq_crazy_yiuf_cottage, uniq_robin
D:3:      layout_rooms, first_ration, ebering_ghost_sewer_f,
          chequers_serial_rivers_micro_e, st_stairs_8, kennysheep_crisscross,
          grunt_ministairs_3, kennysheep_okawaru_gauntlet, uniq_natasha
D:4:      layout_layer_cave, minmay_temple_entry_offerings, uniq_blork_the_orc
D:5:      layout_loops_cross, minmay_manual_monstrance
D:6:      layout_basic
D:7:      layout_rooms, serial_corexii_hall, chequers_hall_statues_wall_a,
          corexii_hall_statues_u, corexii_hall_statues_i, corexii_hall_statues_x
D:8:      layout_basic, dpeg_oklobed_lair
D:9:      layout_basic, kennysheep_mini
D:10:     layout_roguey, orc_david_3, hangedman_stone_soup,
          chequers_serial_rivers_marsh, minmay_hollow_rounded_squares,
          uniq_josephine
Temple:   grunt_wide_crystal_templ
Lair:1:   layout_regular_city, serial_forest, infiniplex_forest_lined_2,
          infiniplex_forest_straight_4, infiniplex_forest_lined_2,
          infiniplex_forest_fountain, infiniplex_forest_3_way,
          infiniplex_forest_zigzag_1, infiniplex_forest_zigzag_1,
          infiniplex_forest_straight_1, grunt_megastairs_3
Lair:2:   layout_regular_city, lemuel_oklob_altar, lemuel_fruit_tree,
          minmay_lair_oklob_chamber

Skill      XL: |  1  2  3  4  5  6  7  8  9 10 11 |
---------------+----------------------------------+-----
Throwing       | 2 3 4 5 |  5.0
Dodging        | 3 |  3.0
Axes           | 3 4 5 6 7 8 10 | 10.0
Fighting       | 3 4 5 7 9 11 13 | 13.4
Invocations    | 3 6 8 10 12 | 12.0
Armour         | 1 4 5 |  5.0
Spellcasting   | 3 |  3.8

Action                   |  1- 3 |  4- 6 |  7- 9 | 10-12 || total
-------------------------+-------+-------+-------+-------++-------
Melee: War axe           |   143 |   228 |   511 |   217 ||  1099
       Kick              |       |    50 |   129 |   113 ||   292
       Glaive            |       |       |       |    87 ||    87
       Morningstar       |       |       |       |     4 ||     4
Throw: Throwing net      |       |     3 |     2 |       ||     5
       Stone             |       |     7 |    36 |       ||    43
       Tomahawk          |       |       |    14 |    17 ||    31
Invok: Upheaval          |       |       |       |     8 ||     8
       Elemental Force   |       |       |       |     5 ||     5
Evoke: Wand              |       |       |    13 |     1 ||    14
  Use: Potion            |     1 |     8 |     5 |     6 ||    20
       Scroll            |       |     6 |    10 |     3 ||    19
 Stab: Held in net/web   |       |       |     2 |       ||     2
       Invisible         |       |       |       |     2 ||     2
       Distracted        |       |       |       |     1 ||     1
  Eat: Chunk             |     3 |    10 |    14 |     8 ||    35
       Ration            |       |     1 |     3 |     3 ||     7
Armor: Ring mail         |    80 |   146 |    31 |       ||   257
       Pearl dragon scal |       |       |   330 |   176 ||   506
       Skin              |       |       |    18 |       ||    18
Dodge: Dodged            |   130 |   266 |   336 |   136 ||   868
Block: Other             |       |       |    28 |    55 ||    83

Table legend:
 A = Non-vault XP
 B = Vault XP
 C = Vault XP percentage of total XP
 D = Non-vault monster count
 E = Vault monster count
 F = Vault count percentage of total count
                 A         B        C        D         E       F
            +---------+---------+-------+---------+---------+-------
      Total |   15701 |    5698 |  26.6 |     240 |      55 |  18.6
            +---------+---------+-------+---------+---------+-------
        D:1 |      54 |       0 |   0.0 |      24 |       0 |   0.0
        D:2 |      62 |      52 |  45.6 |      18 |      19 |  51.4
        D:3 |     123 |     125 |  50.4 |      23 |       5 |  17.9
        D:4 |     546 |      87 |  13.7 |      21 |       1 |   4.5
        D:5 |     162 |      63 |  28.0 |       7 |       3 |  30.0
        D:6 |     898 |       0 |   0.0 |      22 |       0 |   0.0
        D:7 |     865 |       0 |   0.0 |      19 |       0 |   0.0
        D:8 |    2139 |       0 |   0.0 |      45 |       0 |   0.0
        D:9 |    1004 |       0 |   0.0 |      15 |       0 |   0.0
       D:10 |    1345 |    3587 |  72.7 |      17 |      22 |  56.4
     Lair:1 |    1014 |     684 |  40.3 |       8 |       3 |  27.3
     Lair:2 |    7489 |    1100 |  12.8 |      21 |       2 |   8.7
            +---------+---------+-------+---------+---------+-------
